Map: Ruins of Endion

Players

JeSuisCharli

  • Race: Protoss Protoss
  • League: Master

Miszu - Winner!

  • Race: Terran Terran
  • League: Master

VOD

Have the link to the VOD?

Description

Time

  • Played on: March 29, 2016, 5:32 p.m.
  • Length: 9:00
Show
View Real Time Build Order
Export as new Build Order

JeSuisCharli Protoss 

Build Orders: 1 Gate Expand, Colossus Rush 

Get SALT Encoding   

  12  0:01  Probe (Chrono Boost)  
  13  0:11  Probe (Chrono Boost)  
  14  0:17  Pylon  
  14  0:22  Probe (Chrono Boost)  
  15  0:36  Probe (Chrono Boost)  
  15  0:40  Gateway  
  16  0:44  Assimilator  
  16  0:46  Probe (Chrono Boost)  
  18  0:57  Probe (Chrono Boost)  
  18  1:07  Probe (Chrono Boost)  
  19  1:21  Nexus  
  19  1:29  Cybernetics Core  
  19  1:32  Assimilator  
  19  1:35  Probe (Chrono Boost)  
  20  1:45  Probe (Chrono Boost)  
  21  1:47  Pylon  
  21  1:56  Probe (Chrono Boost)  
  22  2:06  Adept (Chrono Boost)  
  22  2:07  Probe  
  25  2:11  Warp Gate  
  25  2:17  Robotics Facility  
  25  2:20  Probe  
  28  2:30  Adept (Chrono Boost)  
  28  2:32  Probe (Chrono Boost)  
  28  2:34  Probe (Chrono Boost)  
  32  2:44  Mothership Core (Chrono Boost)  
  32  2:45  Probe (Chrono Boost)  
  33  2:56  Adept, Probe (Chrono Boost)  
  36  3:02  Probe (Chrono Boost)  
  36  3:05  Warp Prism  
  37  3:06  Probe (Chrono Boost)  
  40  3:16  Probe (Chrono Boost)  
  40  3:19  Probe (Chrono Boost)  
  42  3:23  Gateway  
  42  3:24  Gateway  
  42  3:26  Probe (Chrono Boost)  
  43  3:33  Probe (Chrono Boost)  
  44  3:38  Pylon  
  44  3:40  Probe (Chrono Boost)  
  45  3:41  Observer (Chrono Boost)  
  45  3:47  Pylon  
  46  3:55  Twilight Council, Probe  
  46  3:56  Probe  
  46  3:57  Assimilator  
  46  3:58  Assimilator  
  48  4:04  Observer (Chrono Boost)  
  48  4:05  Probe  
  50  4:16  Probe  
  47  4:18  Probe  
  47  4:24  Robotics Bay  
  48  4:25  Adept x2, Forge  
  48  4:27  Adept  
  54  4:31  Probe (Chrono Boost)  
  54  4:33  Probe (Chrono Boost)  
  56  4:43  Pylon, Probe (Chrono Boost)  
  56  4:44  Protoss Ground Weapons Level 1 (Chrono Boost)  
  57  4:46  Probe (Chrono Boost)  
  56  4:55  Probe (Chrono Boost)  
  57  5:01  Blink (Chrono Boost)  
  58  5:10  Pylon  
  58  5:13  Disruptor  
  60  5:27  Gateway x2  
  60  5:28  Extended Thermal Lance  
  60  5:29  Gateway  
  60  5:31  Gateway  
  60  5:35  Gateway  
  60  5:48  Stalker x3  
  66  5:56  Colossus (Chrono Boost)  
  72  6:04  Pylon  
  72  6:09  Pylon  
  72  6:18  Stalker x2  
  72  6:19  Stalker  
  70  6:43  Colossus (Chrono Boost)  
  70  6:45  Pylon  
  76  6:47  Zealot x2  
  76  6:48  Zealot  
  76  6:50  Stalker x2  
  86  7:02  Pylon  
  86  7:04  Adept  
  86  7:05  Adept x2  
  92  7:29  Stalker x5  
  100  7:45  Stalker x2  
  100  7:46  Stalker  
  106  7:57  Stalker x2  
  105  8:26  Stalker x5  
  86  8:27  Stalker x3  
Show
View Real Time Build Order
Export as new Build Order

Miszu Terran - Winner!

Build Orders: Command Center First (CC), MMM Bio 

Get SALT Encoding   

  12  0:00  SCV  
  13  0:12  SCV  
  14  0:18  Supply Depot  
  14  0:25  SCV  
  15  0:39  SCV  
  16  0:51  SCV  
  17  0:59  Command Center  
  17  1:04  SCV  
  18  1:16  SCV  
  18  1:17  Barracks  
  19  1:28  SCV  
  19  1:30  Barracks  
  20  1:40  SCV  
  20  1:43  Barracks  
  21  1:53  SCV  
  22  2:05  Marine, Orbital Command  
  23  2:11  Orbital Command  
  23  2:16  Marine  
  24  2:25  Marine  
  25  2:30  SCV  
  25  2:31  Marine  
  25  2:34  Marine  
  28  2:37  Refinery, SCV  
  28  2:38  Refinery  
  28  2:43  Marine  
  30  2:44  SCV  
  30  2:49  Marine  
  32  2:53  Supply Depot  
  32  2:57  SCV  
  32  2:58  SCV  
  34  3:09  SCV  
  34  3:11  Marine x2  
  34  3:12  Barracks Tech Lab  
  37  3:17  SCV  
  37  3:21  SCV  
  38  3:29  SCV  
  38  3:30  Marine  
  38  3:31  Supply Depot, Marine x2, Stimpack  
  38  3:33  SCV  
  43  3:41  SCV  
  43  3:45  SCV  
  43  3:46  Factory  
  45  3:48  Marine  
  45  3:53  Marine  
  45  3:54  SCV  
  48  3:57  Supply Depot  
  48  3:58  SCV  
  48  3:59  Marine  
  50  4:06  Marine, SCV  
  50  4:08  Refinery  
  52  4:10  SCV  
  50  4:18  Marine x2, SCV  
  50  4:22  SCV  
  54  4:28  Marine  
  54  4:30  Starport, SCV  
  54  4:31  Factory Reactor  
  56  4:34  SCV  
  56  4:35  Engineering Bay  
  57  4:42  SCV  
  57  4:45  Marine  
  60  4:46  SCV  
  59  4:54  SCV  
  59  4:58  SCV  
  59  4:59  Command Center  
  61  5:01  Barracks Reactor  
  61  5:02  Barracks Tech Lab  
  61  5:05  Terran Infantry Weapons Level 1  
  62  5:14  Supply Depot, SCV x2  
  62  5:16  Supply Depot  
  62  5:19  Barracks  
  62  5:21  Refinery, Barracks  
  62  5:26  Combat Shields  
  62  5:36  Medivac x2, Marauder, SCV x2  
  62  5:38  Supply Depot, Marauder  
  62  5:39  Marine x2  
  62  5:40  Supply Depot  
  62  5:41  Concussive Shells  
  74  5:48  SCV x2  
  74  5:49  Liberator  
  75  5:54  Liberator  
  75  5:57  Marine, Marauder  
  75  6:00  Marine x2, SCV x2  
  75  6:01  Supply Depot  
  75  6:03  Supply Depot  
  85  6:12  SCV x2  
  85  6:15  Marine  
  91  6:18  Barracks Reactor, Barracks Tech Lab  
  91  6:23  Marauder  
  93  6:28  Marauder  
  93  6:29  Marine  
  81  6:32  Marine  
  81  6:34  SCV  
  81  6:36  SCV  
  81  6:38  Marauder  
  85  6:45  Marauder  
  85  6:47  Marine  
  87  6:48  Marine  
  87  6:49  SCV  
  87  6:51  Barracks, SCV  
  87  6:52  Barracks  
  87  6:53  Barracks  
  91  7:01  SCV  
  92  7:03  Supply Depot, SCV  
  92  7:04  Supply Depot, Marine  
  92  7:05  Marine, Marauder  
  97  7:13  Marine x2, Marauder  
  101  7:18  Marauder  
  101  7:22  Marine, Medivac  
  106  7:26  Marauder, Orbital Command  
  105  7:32  Marine  
  105  7:34  Marauder  
  108  7:44  Marine  
  108  7:45  Marine x5, Marauder  
  108  7:47  Marine  
  108  7:50  Marine  
  118  7:55  Marine  
  119  8:02  Marine x4  
  119  8:03  Marine x2  
  126  8:05  Marauder  
  126  8:06  Marauder  
  126  8:07  Marine  
  128  8:14  Marauder  
  124  8:20  Marine x4  
  124  8:26  Marine  
  124  8:27  Medivac x2, Marauder x2  
  124  8:31  Marine x2  
  132  8:35  Marauder  
  134  8:38  Marine  
Tags
 
Add a new tag
Caveats
  • Supply blocks, unpowered buildings, or Contaminate may cause inaccurate times.
  • Supply counts are checked every 10 seconds.